 Dungeon Crawl Stone Soup version 0.29-a0-91-gdebf4667c2 (webtiles) character file.

Game seed: 18411868941202094617

1628 cyrus the Covered (level 8, -2/73 HPs)
             Began as a Deep Dwarf Fighter on Feb 9, 2022.
             Was a Believer of Uskayaw.
             Slain by a two-headed ogre (23 damage)
             ... on level 6 of the Dungeon.
             The game lasted 00:15:45 (5236 turns).

cyrus the Covered (Deep Dwarf Fighter)              Turns: 5236, Time: 00:15:46

Health: -2/73      AC:  9    Str: 19    XL:     8   Next: 65%
Magic:  6/6        EV: 10    Int: 20    God:    Uskayaw [**....]
Gold:   235        SH:  5    Dex: 14    Spells: 7/7 levels left

rFire   . . .      SeeInvis .   d - +4 mace "Wojowk" {holy, rCorr Int+4}
rCold   . . .      Faith    .   c - +0 buckler
rNeg    . . .      Spirit   .   b - +0 scale mail
rPois   .          Reflect  .   r - +0 helmet
rElec   .          Harm     .   (no cloak)
rCorr   +          Rampage  .   (no gloves)
Will    +....                   (no boots)
Stlth   +.........              (no amulet)
HPRegen 0.00/turn               e - +6 ring of intelligence
MPRegen 0.10/turn               (no ring)

@: mighty
A: damage resistance, heal wounds, sense surroundings 1, no regeneration
a: Heal Wounds, Renounce Religion, Stomp, Line Pass


You were on level 6 of the Dungeon.
You worshipped Uskayaw.
Uskayaw was noncommittal.
You visited 1 branch of the dungeon, and saw 6 of its levels.

You collected 347 gold pieces.
You spent 112 gold pieces at shops.

Inventory:

Hand Weapons
 a - a +0 trident
 d - the +4 mace "Wojowk" (weapon) {holy, rCorr Int+4}
   (You took it off a kobold on level 2 of the Dungeon)

   It has been blessed by the Shining One to cause great damage to the undead
   and demons.
   Int:       It affects your intelligence (+4).
   rCorr:     It protects you from acid and corrosion.
 l - a +0 morningstar
Armour
 b - a +0 scale mail (worn)
 c - a +0 buckler (worn)
 r - a +0 helmet (worn)
Jewellery
 e - a +6 ring of intelligence (left hand)
 j - a ring of see invisible
 y - a +6 ring of dexterity
 A - a ring of fire
Wands
 u - a wand of flame (23)
 B - a wand of charming (2)
 C - a wand of iceblast (1)
Scrolls
 f - 5 scrolls of identify
 h - a scroll of magic mapping {unknown}
 n - 2 scrolls of enchant armour {unknown}
 p - a scroll of enchant weapon {unknown}
 v - 2 scrolls of teleportation {unknown}
 x - a scroll of fog {unknown}
 D - a scroll of noise {unknown}
Potions
 g - a potion of flight {unknown}
 i - 2 potions of haste {unknown}
 k - 2 potions of magic {unknown}
 m - 3 potions of mutation {unknown}
 o - 2 potions of brilliance {unknown}
 q - 4 potions of curing {unknown}
 s - 2 potions of ambrosia {unknown}
 t - a potion of lignification {unknown}
 w - a potion of attraction {unknown}


   Skills:
 + Level 4.8 Fighting
 + Level 6.5 Maces & Flails
 + Level 2.7 Polearms
 + Level 6.7 Armour
 + Level 2.6 Dodging
 + Level 2.2 Stealth
 + Level 4.7 Shields
 + Level 0.3 Evocations


You had 7 spell levels left.
You didn't know any spells.
Your spell library contained the following spells:

 Spells                   Type           Power      Damage    Failure   Level
 Freeze                   Ice            0%         1d3       56%         1
 Magic Dart               Conj           0%         1d3       56%         1
 Shock                    Conj/Air       0%         1d3       56%         1
 Blink                    Tloc           0%         N/A       71%         2
 Call Imp                 Summ           0%         N/A       71%         2
 Ensorcelled Hibernation  Hex/Ice        0%         N/A       71%         2
 Sublimation of Blood     Necr           0%         N/A       71%         2
 Wereblood                Tmut           0%         N/A       71%         2
 Frozen Ramparts          Ice            0%         1d2       90%         3
 Lesser Beckoning         Tloc           0%         N/A       90%         3
 Mephitic Cloud           Conj/Pois/Air  0%         N/A       90%         3
 Spider Form              Tmut/Pois      0%         N/A       90%         3
 Swiftness                Air            0%         N/A       90%         3
 Tukima's Dance           Hex            0%         N/A       90%         3
 Airstrike                Air            0%         N/A       100%        4
 Anguish                  Hex/Necr       0%         N/A       100%        4
 Hailstorm                Conj/Ice       0%         3d3       100%        4
 Manifold Assault         Tloc           0%         N/A       100%        5
 Enfeeble                 Hex            0%         N/A       100%        7
 Summon Hydra             Summ           0%         N/A       100%        7


Dungeon Overview and Level Annotations

Branches:
Dungeon (6/15)
 Temple: D:4-7

Altars:
Cheibriados
Dithmenos
Elyvilon
Qazlal
Ru
Uskayaw
Xom
Yredelemnul

Shops:
D:5 *


Innate Abilities, Weirdness & Mutations

You are resistant to damage.
You can heal yourself by infusing magical energy.
You passively map a small area around you.
You do not regenerate.


Message History

You now have 235 gold pieces (gained 5).
A jelly comes into view.
A jelly is nearby!
The jelly barely misses you.
You sock the jelly!
Your hands burn!
The jelly is heavily wounded.
The jelly closely misses you.
You hit the jelly.
Your hands burn!
The jelly is almost dead.
The jelly hits you but does no damage.
You can now pass through a line of other dancers.
You sock the jelly!
You kill the jelly!
Found a stone staircase leading up.
Found an escape hatch in the ceiling.
A two-headed ogre comes into view.
It is wielding a +0 giant club and a +0 giant spiked club.
The two-headed ogre shouts in stereo!
Aiming: Iceblast
Press: ? - help, Q - select action, (/) - cycle Shift-Dir - straight line, f - two-headed ogre
Aim: a two-headed ogre, wielding a +0 giant club and a +0 giant spiked club The mass of ice explodes!
The iceblast engulfs the two-headed ogre!
The two-headed ogre is lightly wounded.
You feel very mighty all of a sudden.
The two-headed ogre hits you with a +0 giant club.
The two-headed ogre hits you with a +0 giant spiked club.
You hit the two-headed ogre.
The two-headed ogre is moderately wounded.
The two-headed ogre hits you with a +0 giant club!
The two-headed ogre hits you with a +0 giant spiked club!!
You sock the two-headed ogre!
The two-headed ogre is heavily wounded.
The two-headed ogre hits you with a +0 giant club.
The two-headed ogre hits you with a +0 giant spiked club.
* * * LOW HITPOINT WARNING * * *
You can now pass through a line of other dancers.
You closely miss the two-headed ogre.
The two-headed ogre is heavily wounded.
The two-headed ogre hits you with a +0 giant club!!
You die...

* #..# * , ##..###.# ,
* #.....#.# , ., ,
#.....#.# , ,,..
###.....#.# , ... ,, *
#.......#.# ....
#.......#.#* .....
#..#+##.#.##......
#..#.##...@O...... ,
,####..#.###..#.......
, *,#.....#.#
#..#....... ,#.##.##.#
##.#....... ,
#.#<....####.##......
, ,
#.#........#.#*......,
, *
#.#.#......#.<*......
#.###.###..#.. ......
, #.#.#.# ... ,


You could see a two-headed ogre.

Vanquished Creatures
  Menkaure (D:4)
  The ghost of Firecrotchwizard the Skirmisher, an amateur OgBe of Trog (D:3)
  A sky beast (D:5)
  3 ogres
  2 phantoms
  A centaur (D:6)
  A scorpion (D:5)
  A water moccasin skeleton (D:5)
  A howler monkey (D:3)
  A centaur zombie (D:5)
  5 hounds
  5 jellies
  2 iguanas
  Natasha (thrice) (D:2)
  4 gnolls
  8 adders
  4 dart slugs
  2 orcs
  6 endoplasms
  A giant cockroach (D:1)
  7 hobgoblins
  6 jackals
  4 quokkas
  7 ball pythons
  6 bats
  3 frilled lizards
  5 goblins
  3 kobolds
  4 rats
  A spectral orc (D:4)
99 creatures vanquished.

Vanquished Creatures (collateral kills)
  A gnoll shaman (D:5)
  2 gnolls (D:5)
3 creatures vanquished.

Vanquished Creatures (others)
  11 plants (D:4)
11 creatures vanquished.

Grand Total: 113 creatures vanquished

Notes
Turn   | Place    | Note
-------+----------+-------------------------------------------
     0 | D:1      | cyrus the Deep Dwarf Fighter began the quest for the Orb.
     0 | D:1      | Reached XP level 1. HP: 20/20 MP: 1/1
    99 | D:1      | Reached XP level 2. HP: 20/27 MP: 2/2
   578 | D:1      | Reached XP level 3. HP: 14/33 MP: 3/3
  1108 | D:2      | Noticed a phantom
  1108 | D:2      | Found a faded altar of an unknown god.
  1111 | D:2      | Prayed at the altar of an unknown god.
  1111 | D:2      | Became a worshipper of Uskayaw the Reveller
  1111 | D:2      | Reached * piety under Uskayaw
  1444 | D:2      | Reached ** piety under Uskayaw
  1459 | D:2      | Killed a phantom
  1460 | D:2      | Reached skill level 1 in Dodging
  1460 | D:2      | Reached XP level 4. HP: 29/42 MP: 4/4
  1467 | D:2      | Reached skill level 1 in Maces & Flails
  1471 | D:2      | Reached *** piety under Uskayaw
  1473 | D:2      | Reached XP level 5. HP: 27/49 MP: 5/5
  1474 | D:2      | Reached **** piety under Uskayaw
  1622 | D:2      | Identified the +4 mace "Wojowk" {holy, rCorr Int+4}
  1641 | D:2      | Noticed Natasha
  1647 | D:2      | Killed Natasha
  1737 | D:2      | Noticed Natasha
  1748 | D:2      | Killed Natasha
  1892 | D:2      | Noticed Natasha
  1899 | D:2      | Killed Natasha
  2100 | D:3      | Found a shadowy altar of Dithmenos.
  2155 | D:3      | Found a runed translucent door.
  2158 | D:3      | Noticed Firecrotchwizard's ghost (amateur OgBe)
  2215 | D:3      | Found a snail-covered altar of Cheibriados.
  2265 | D:3      | Reached skill level 1 in Stealth
  2265 | D:3      | Reached XP level 6. HP: 40/56 MP: 6/6
  2574 | D:3      | Found a faded altar of an unknown god.
  2579 | D:3      | Found a sacrificial altar of Ru.
  2774 | D:3      | Killed Firecrotchwizard's ghost
  2775 | D:3      | Reached skill level 5 in Armour
  2986 | D:4      | Noticed Menkaure
  2994 | D:4      | Killed Menkaure
  2995 | D:4      | Reached XP level 7. HP: 43/63 MP: 7/7
  3072 | D:4      | Found a basalt altar of Yredelemnul.
  3697 | D:5      | Entered Level 5 of the Dungeon
  3797 | D:5      | Reached skill level 5 in Maces & Flails
  3878 | D:5      | Reached XP level 8. HP: 67/72 MP: 8/8
  4069 | D:5      | Found Tygrytal's General Store.
  4097 | D:5      | Bought a wand of charming (4) for 84 gold pieces
  4097 | D:5      | Bought a scroll of identify for 28 gold pieces
  4343 | D:5      | Found a hide-covered altar of Uskayaw.
  4343 | D:5      | Found a stormy altar of Qazlal.
  4405 | D:5      | Found a shimmering altar of Xom.
  5113 | D:6      | Found a white marble altar of Elyvilon.
  5229 | D:6      | Noticed a two-headed ogre
  5236 | D:6      | Slain by a two-headed ogre

Illustrated notes

Levels and vault maps discovered:
D:1:      nzn_arrival_water_spiral, layout_basic, serial_glass, glass_columns_c,
          glass_columns_b, item_on_display_a, due_unseen_surprise,
          item_on_display_a, hangedman_decor_clover_reticule,
          minmay_pentomino_o4
D:2:      minmay_general_purpose_star, layout_basic,
          nicolae_ecumenical_oubliette, minmay_tripent, uniq_natasha
D:3:      layout_basic, mainiacjoe_overflow_tiny_flanked, old_standard_altar,
          nicolae_overflow_ecumenical_swirl, ebering_ghost_sewer_d
D:4:      layout_loops_corners, yredelemnul_forgotten_temple_becter,
          minmay_stone_trees_small, serial_bayou_pond_c, uniq_menkaure
D:5:      layout_basic, gammafunk_temple_overflow_pools, amcnicky_altar_gilded,
          serial_shops, shop, minmay_diced_spiral
D:6:      layout_basic, elyvilon_altar_3, interstate_on_off, wad_floor_pattern_1

Skill      XL: |  1  2  3  4  5  6  7  8 |
---------------+-------------------------+-----
Polearms       | 2 |  2.7
Fighting       | 3 4 |  4.8
Armour         | 4 5 6 |  6.7
Dodging        | 1 2 |  2.6
Maces & Flails | 1 2 3 5 6 |  6.5
Stealth        | 1 2 |  2.2
Shields        | 4 |  4.7
Evocations     | |  0.3

Action                   |  1- 3 |  4- 6 |  7- 9 || total
-------------------------+-------+-------+-------++-------
Melee: Trident           |    98 |       |       ||    98
       Morningstar       |    15 |    23 |       ||    38
       Mace              |       |    69 |   143 ||   212
Invok: Stomp             |       |     1 |       ||     1
 Abil: Heal Wounds       |     1 |     4 |     8 ||    13
Evoke: Wand              |       |       |     3 ||     3
  Use: Potion            |       |     1 |     1 ||     2
 Stab: Paralysed         |       |     3 |     2 ||     5
Armor: Scale mail        |    64 |    32 |    62 ||   158
Dodge: Dodged            |    54 |    45 |    81 ||   180
Block: Buckler           |    36 |    23 |    41 ||   100

Table legend: (Time is in decaauts)
 A = Elapsed time spent in this place.
 B = Non-inter-level travel time spent in this place.
 C = Inter-level travel time spent in this place.
 D = Time resting spent in this place.
 E = Time spent auto-exploring this place.
 F = Levels seen in this place.
 G = Mean time per level.
                   A        B        C        D        E       F      G
               +--------+--------+--------+--------+--------+-----+--------+
         Total |   5336 |   5294 |     42 |    700 |   3157 |   6 |  889.3 |
       Dungeon |   5336 |   5294 |     42 |    700 |   3157 |   6 |  889.3 |
               +--------+--------+--------+--------+--------+-----+--------+

Top non-repeatable levels by time:
     D:1: 1167 daAuts
     D:5: 1012 daAuts
     D:2: 958 daAuts
     D:3: 862 daAuts
     D:4: 786 daAuts
     D:6: 548 daAuts
